Map: Orbital Shipyard

Players

RubiX - Winner!

  • Race: Terran Terran
  • League: Diamond

LilDicky

  • Race: Terran Terran
  • League: Diamond

VOD

http://www.twitch.tv/tumescentpie

Description

Time

  • Played on: Nov. 27, 2015, 1:20 a.m.
  • Length: 11:06
Show
View Real Time Build Order
Export as new Build Order

RubiX Terran - Winner!

Build Orders: Command Center First (CC), Mech 

Get SALT Encoding   

  12  0:01  SCV  
  13  0:13  SCV  
  14  0:18  Supply Depot  
  14  0:26  SCV  
  15  0:39  SCV  
  16  0:51  SCV  
  17  1:01  Command Center  
  17  1:03  SCV  
  18  1:14  Barracks  
  18  1:16  SCV  
  19  1:47  Refinery  
  19  1:48  SCV  
  19  1:51  Refinery  
  20  2:00  SCV, Marine  
  22  2:09  Refinery  
  22  2:13  Orbital Command  
  22  2:20  Orbital Command  
  22  2:23  Reaper  
  23  2:38  SCV  
  24  2:48  Factory  
  24  2:51  SCV x2  
  25  2:55  Barracks Tech Lab  
  26  3:03  SCV x2  
  28  3:15  SCV x2  
  30  3:27  SCV x2  
  32  3:39  SCV  
  33  3:46  SCV  
  33  3:48  Factory Tech Lab, Starport  
  34  3:51  SCV  
  34  3:52  Factory  
  35  3:58  SCV  
  35  3:59  Engineering Bay  
  35  4:02  Refinery  
  36  4:03  SCV  
  37  4:10  Command Center  
  37  4:14  Supply Depot  
  37  4:15  Supply Depot  
  37  4:24  SCV  
  38  4:28  Cloaking Field  
  38  4:35  Banshee, Siege Tank, SCV, Marine  
  38  4:36  SCV  
  38  4:37  Factory Reactor  
  46  5:04  Marine  
  46  5:15  Hellion x2  
  46  5:16  Siege Tank  
  53  5:22  Viking, Marine  
  53  5:25  SCV x2  
  58  5:29  Supply Depot x2  
  58  5:30  Supply Depot  
  58  5:37  SCV  
  58  5:40  Orbital Command  
  58  5:41  Hellion x2  
  62  5:52  Viking  
  64  5:57  Orbital Command  
  64  6:02  Hellion  
  64  6:03  Hellion  
  68  6:04  Siege Tank  
  71  6:13  SCV  
  71  6:14  SCV  
  73  6:20  Armory x2  
  73  6:28  SCV x3  
  76  6:35  Banshee  
  76  6:36  Siege Tank  
  82  6:40  SCV x3  
  82  6:43  Factory  
  85  6:55  Hellion x2  
  85  6:59  Refinery  
  85  7:00  SCV x3  
  92  7:01  Refinery  
  92  7:04  Supply Depot  
  92  7:12  SCV  
  93  7:25  Siege Tank  
  93  7:27  Viking  
  98  7:31  Starport  
  98  7:35  SCV  
  98  7:36  SCV  
  100  7:40  SCV  
  101  7:45  Factory Tech Lab  
  101  7:47  Factory  
  101  7:49  Terran Vehicle Weapons Level 1  
  101  7:50  Terran Vehicle And Ship Armor Level 1  
  101  7:52  Supply Depot  
  101  7:54  Supply Depot x3  
  101  8:08  Starport Reactor  
  101  8:13  Viking  
  101  8:14  SCV x3, Siege Tank  
  101  8:16  Hellion x2  
  101  8:19  Supply Depot  
  113  8:20  Supply Depot  
  113  8:21  Supply Depot  
  113  8:26  SCV x3  
  116  8:28  Siege Tank  
  119  8:37  Hellion x2  
  119  8:40  Factory Tech Lab  
  123  8:43  Viking  
  123  8:44  Viking x2  
  123  8:46  Siege Tank  
  132  8:59  Thor  
  132  9:00  Thor, Hellion x2  
  132  9:01  SCV x2  
  132  9:02  SCV  
  151  9:13  SCV  
  151  9:14  SCV  
  151  9:15  SCV  
  150  9:26  SCV x2, Missile Turret  
  150  9:27  SCV, Missile Turret  
  150  9:29  Missile Turret  
  153  9:33  Missile Turret  
  153  9:34  Missile Turret x2  
  153  9:35  Missile Turret  
  153  9:37  Missile Turret x2  
  153  9:38  SCV x2  
  155  9:39  SCV, Missile Turret  
  156  9:50  Supply Depot  
  156  9:54  Supply Depot  
  156  9:57  Supply Depot  
  156  10:11  Banshee, Viking x2  
  156  10:12  Hellion  
  165  10:15  Thor  
  165  10:16  Hellion  
  165  10:18  Thor, Hellion  
  165  10:19  Command Center  
  181  10:28  Supply Depot  
  181  10:30  Supply Depot  
  181  10:31  Supply Depot  
  181  10:33  Hellion  
Show
View Real Time Build Order
Export as new Build Order

LilDicky Terran 

Build Orders: Liberator Opening 

Get SALT Encoding   

  12  0:01  SCV  
  13  0:14  SCV  
  14  0:18  Supply Depot  
  14  0:27  SCV  
  15  0:34  Refinery  
  15  0:40  SCV  
  16  0:46  Barracks  
  16  0:54  SCV  
  17  1:09  Command Center  
  17  1:17  SCV  
  18  1:32  SCV  
  19  1:34  Barracks  
  19  1:44  SCV  
  19  1:50  Refinery  
  19  1:51  Refinery  
  19  1:56  SCV  
  20  2:11  SCV  
  21  2:22  Supply Depot, Orbital Command  
  21  2:23  Orbital Command  
  21  2:28  Marine  
  22  2:38  Factory  
  22  2:46  Barracks Tech Lab  
  22  2:48  SCV  
  23  2:56  SCV  
  24  3:01  SCV  
  25  3:10  SCV  
  26  3:26  SCV, Starport  
  26  3:46  Liberator  
  25  3:48  Cyclone  
  25  3:54  SCV  
  29  3:59  SCV  
  30  4:08  SCV  
  34  4:10  Command Center  
  34  4:16  SCV  
  35  4:22  Refinery  
  35  4:24  Refinery  
  35  4:27  SCV  
  35  4:30  Cyclone  
  38  5:05  Cyclone  
  31  5:38  SCV x2  
  32  5:45  Starport Tech Lab  
  32  5:46  Cyclone  
  35  5:50  SCV  
  36  5:59  SCV, Barracks  
  37  6:07  Banshee  
  40  6:21  Orbital Command  
  40  6:32  SCV  
  41  6:36  Cyclone  
  44  6:40  SCV  
  44  6:43  Command Center, Starport  
  44  6:44  SCV, Starport  
  46  6:52  SCV  
  47  6:54  SCV  
  47  6:56  SCV  
  47  6:57  Command Center  
  47  6:59  Viking  
  47  7:00  Cloaking Field  
  51  7:05  SCV, Refinery  
  51  7:06  SCV  
  53  7:08  SCV  
  53  7:09  Refinery  
  53  7:12  Cyclone  
  57  7:17  SCV  
  57  7:18  SCV  
  57  7:21  SCV  
  58  7:23  Starport Tech Lab x2  
  58  7:25  Starport Reactor  
  58  7:28  Engineering Bay  
  58  7:31  SCV  
  59  7:38  Command Center  
  59  7:39  SCV x2  
  59  7:43  Supply Depot  
  61  7:46  Marine  
  61  7:47  Supply Depot x2  
  61  7:49  Raven  
  66  7:51  Banshee  
  66  7:54  Corvid Reactor  
  66  7:58  Missile Turret  
  67  8:00  Missile Turret  
  67  8:01  Planetary Fortress  
  67  8:05  SCV x3  
  70  8:17  SCV x3  
  70  8:18  Cyclone  
  76  8:23  Viking  
  78  8:29  SCV x3  
  81  8:35  Supply Depot  
  81  8:37  Refinery  
  81  8:38  Refinery  
  81  8:39  Viking  
  83  8:41  SCV x3  
  83  8:46  Supply Depot  
  86  8:50  Missile Turret  
  86  8:53  SCV  
  87  8:59  SCV, Banshee  
  87  9:00  Banshee, Viking  
  96  9:10  Viking  
  98  9:22  SCV  
  96  9:26  Cyclone  
  96  9:29  Supply Depot  
  96  9:30  Viking  
  101  9:35  Missile Turret  
  101  9:36  Missile Turret  
  101  9:40  Viking  
  101  9:42  Banshee x2  
  108  10:04  SCV x3  
  111  10:10  Armory  
  111  10:14  Fusion Core  
  111  10:15  Armory  
  111  10:21  Missile Turret x2  
  111  10:22  Missile Turret  
  111  10:23  Missile Turret x2  
  111  10:24  Missile Turret x2  
  111  10:25  Missile Turret  
  111  10:26  Missile Turret  
  111  10:27  Missile Turret x2  
  113  10:28  Missile Turret  
  113  10:29  SCV x2  
Tags
 
Add a new tag
Caveats
  • Supply blocks, unpowered buildings, or Contaminate may cause inaccurate times.
  • Supply counts are checked every 10 seconds.